 Dungeon Crawl Stone Soup version 0.20.1-1-g8b1a95d (webtiles) character file.

8935 Linguinho the Grappler (level 11, -11/97 HPs)
             Began as a Troll Hunter on Nov 14, 2017.
             Mangled by a yak (15 damage)
             ... on level 9 of the Dungeon.
             The game lasted 00:17:33 (8681 turns).

Linguinho the Grappler (Troll Hunter)               Turns: 8681, Time: 00:17:34

Health: -11/97     AC:  7    Str: 25    XL:     11   Next: 16%
Magic:  10/10      EV: 12    Int:  7    God:
Gold:   451        SH:  0    Dex: 10    Spells: 10/10 levels left

rFire    + . .     SeeInvis .   W - +4 giant club
rCold    . . .     Gourm    +   (shield currently unavailable)
rNeg     . . .     Faith    .   Z - +1 robe {rF+}
rPois    +         Spirit   .   (helmet restricted)
rElec    .         Reflect  .   Q - +0 cloak {rPois}
rCorr    +         Harm     .   (gloves unavailable)
MR       .....                  (boots unavailable)
Stlth    +++.......             v - amulet of rage
Regen    0.7/turn               r - ring of stealth
MPRegen  0.2/turn               w - ring of resist corrosion

@: no status effects
A: unfitting armour, claws 3, fast metabolism 3, gourmand, regeneration 1,
shaggy fur 1, tough skin 2
a: Evoke Berserk Rage


You were on level 9 of the Dungeon.
You were very full.

You visited 1 branch of the dungeon, and saw 9 of its levels.

You collected 451 gold pieces.

Inventory:

Hand Weapons
 W - a +4 giant club (weapon)
Missiles
 c - 8 large rocks (quivered)
 d - 5 throwing nets
 e - 10 tomahawks
 I - 5 poisoned tomahawks
Armour
 Q - a +0 cloak of poison resistance (worn)
 Z - a +1 robe of fire resistance (worn)
Jewellery
 r - a ring of stealth (left claw)
 v - an amulet of rage (around neck)
 w - a ring of resist corrosion (right claw)
 E - an uncursed ring of protection from magic {unknown}
 R - an uncursed ring of protection from cold {unknown}
 T - an uncursed ring of ice {unknown}
Wands
 l - a wand of enslavement (22/24)
 F - a wand of acid (10/15)
 M - a wand of iceblast (12/15)
 O - a wand of lightning (6/15)
 S - a wand of acid (8/15)
Scrolls
 g - 4 scrolls of remove curse
 h - 4 scrolls of teleportation
 i - 4 scrolls of magic mapping
 n - 3 scrolls of fog {unknown}
 y - a scroll of blinking {unknown}
 A - a scroll of noise {unknown}
 G - a scroll of immolation {unknown}
 L - a scroll of enchant weapon {unknown}
 V - a scroll of recharging
Potions
 a - a potion of brilliance {unknown}
 b - a potion of mutation {unknown}
 j - 2 potions of haste {unknown}
 k - 6 potions of curing
 m - 2 potions of degeneration {unknown}
 o - 2 potions of might {unknown}
 q - a potion of magic {unknown}
 s - a potion of agility {unknown}
 t - 3 potions of lignification
 z - a potion of heal wounds
 B - 2 potions of invisibility {unknown}
 P - 2 potions of flight {unknown}
 X - a potion of berserk rage {unknown}
Books
 D - a book of Minor Magic

   Spells                             Type                      Level
   a - Magic Dart                     Conjuration                  1
   b - Blink                          Translocation                2
   c - Call Imp                       Summoning                    2
   d - Slow                           Hexes                        2
   e - Conjure Flame                  Conjuration/Fire             3
   f - Mephitic Cloud                 Conjuration/Poison/Air       3
 H - a book of Misfortune

   Spells                             Type                      Level
   a - Confusing Touch                Hexes                        1
   b - Confuse                        Hexes                        3
   c - Gell's Gravitas                Translocation                3
   d - Petrify                        Transmutation/Earth          4
   e - Metabolic Englaciation         Hexes/Ice                    5
   f - Yara's Violent Unravelling     Hexes/Transmutation          5
 J - a book of Debilitation

   Spells                             Type                      Level
   a - Corona                         Hexes                        1
   b - Slow                           Hexes                        2
   c - Inner Flame                    Hexes/Fire                   3
   d - Portal Projectile              Hexes/Translocation          3
   e - Cause Fear                     Hexes                        4
   f - Leda's Liquefaction            Hexes/Earth                  4
 N - a book of Conjurations

   Spells                             Type                      Level
   a - Magic Dart                     Conjuration                  1
   b - Searing Ray                    Conjuration                  2
   c - Dazzling Spray                 Conjuration/Hexes            3
   d - Fulminant Prism                Conjuration/Hexes            4
   e - Force Lance                    Conjuration/Translocation    4
   f - Iskenderun's Mystic Blast      Conjuration                  4
 Y - a book of Maledictions

   Spells                             Type                      Level
   a - Corona                         Hexes                        1
   b - Ensorcelled Hibernation        Hexes/Ice                    2
   c - Confuse                        Hexes                        3
   d - Tukima's Dance                 Hexes                        3
   e - Dazzling Spray                 Conjuration/Hexes            3
Comestibles
 f - 10 bread rations
 p - 2 chunks of flesh
 u - 5 meat rations
 x - 4 royal jellies
 C - 9 fruits


   Skills:
 + Level 3.6 Fighting
 * Level 6.6 Maces & Flails
 * Level 6.7 Throwing
 + Level 5.4 Dodging
 + Level 2.5 Stealth
 * Level 11.6 Unarmed Combat


You had 10 spell levels left.
You didn't know any spells.

Dungeon Overview and Level Annotations

Branches:
Dungeon (9/15)             Temple (0/1) D:5
   Lair: D:8-11         Orc: D:9-12

Altars:

Shops:
D:6 [   D:9 (


Innate Abilities, Weirdness & Mutations

You are too large for most types of armour.
You have claws for hands.
Your metabolism is lightning-fast.
You like to eat raw meat.
Your natural rate of healing is unusually fast.
You are covered in fur. (AC +1)
You have very tough skin. (AC +2)


Message History

You sock the yak!
The yak is moderately wounded.
The yak barely misses you.
You barely miss the yak.
The yak is moderately wounded.
The yak barely misses you. x2
You hit the yak.
The yak is moderately wounded.
The yak gores you!
* * * LOW HITPOINT WARNING * * *
You bludgeon the yak!!
The yak is almost dead.
The yak gores you!
* * * LOW HITPOINT WARNING * * *
Throwing (i - inventory. (,) - cycle):
c - 9 large rocks (quivered)
Press: ? - help, Shift-Dir - straight line, f - yak
Aim: a yak (almost dead)
You throw a large rock. The large rock barely misses the yak.
The yak gores you!
You die...

...#####........#
### ##.......#
##.......#
#....##..#
##...)#####
##..Y.##..#
#....##...#
.##....#.Y..#
#......#..†@.#
###........#..#
##.....######
#.....# #### ##
##....#
#..####### #.
##....##
##.......###.
#......#
#.......##..
##.....#
#...........
##....##
##...........


You could see a yak.

Vanquished Creatures
  Erolcha (D:9)
  3 two-headed ogres
  Psyche (D:8)
  A hornet (D:8)
  Prince Ribbit (D:6)
  4 hippogriffs
  A spriggan (D:8)
  Sigmund (D:3)
  3 yaks (D:9)
  Menkaure (D:6)
  A water moccasin (D:8)
  A black bear (D:5)
  An ice beast (D:5)
  3 orc warriors
  2 phantoms
  A sky beast (D:5)
  5 ogres
  3 centaurs
  A big kobold (D:9)
  A bullfrog (D:8)
  2 wyvern skeletons
  10 scorpions
  6 killer bees (D:8)
  5 wights (D:7)
  A howler monkey (D:7)
  A quasit (D:7)
  10 crimson imps
  2 hounds
  Crazy Yiuf (D:3)
  5 orc priests
  A centaur skeleton (D:9)
  A jelly (D:8)
  2 orc wizards (D:3)
  4 iguanas
  4 worker ants
  A hound skeleton (D:4)
  Robin (D:3)
  A worker ant zombie (D:5)
  4 gnolls
  15 adders
  A howler monkey skeleton (D:5)
  2 shadow imps
  3 white imps (D:9)
  2 adder zombies
  An adder skeleton (D:5)
  2 worms
  3 dart slugs
  A leopard gecko (D:3)
  15 orcs
  5 hobgoblins
  33 jackals
  13 kobolds
  2 quokkas
  9 bats
  7 frilled lizards
  23 goblins
  A quokka skeleton (D:9)
  9 rats
245 creatures vanquished.

Notes
Turn   | Place    | Note
-------+----------+-------------------------------------------
     0 | D:1      | Linguinho the Troll Hunter began the quest for the Orb.
     0 | D:1      | Reached XP level 1. HP: 19/19 MP: 0/0
   258 | D:1      | Reached XP level 2. HP: 20/27 MP: 1/1
   502 | D:1      | Reached skill level 1 in Unarmed Combat
  1015 | D:2      | Reached XP level 3. HP: 33/33 MP: 2/2
  1130 | D:2      | Reached skill level 2 in Unarmed Combat
  1259 | D:2      | Reached XP level 4. HP: 42/42 MP: 3/3
  1486 | D:3      | Reached skill level 1 in Maces & Flails
  1679 | D:3      | Found a runed door.
  1738 | D:3      | Noticed Crazy Yiuf
  1746 | D:3      | Killed Crazy Yiuf
  1746 | D:3      | Reached skill level 3 in Unarmed Combat
  1746 | D:3      | Reached XP level 5. HP: 4/49 MP: 4/4
  1885 | D:3      | Found a faded altar of an unknown god.
  2158 | D:3      | Noticed Sigmund
  2200 | D:3      | HP: 2/49 [Sigmund/puff of flame (8)]
  2205 | D:3      | Killed Sigmund
  2205 | D:3      | Reached skill level 4 in Unarmed Combat
  2205 | D:3      | Reached XP level 6. HP: 5/57 MP: 5/5
  2501 | D:3      | Noticed Robin
  2543 | D:3      | Killed Robin
  3149 | D:4      | Reached XP level 7. HP: 52/65 MP: 6/6
  3160 | D:4      | Reached skill level 5 in Unarmed Combat
  3704 | D:5      | Entered Level 5 of the Dungeon
  3729 | D:5      | Reached skill level 1 in Stealth
  3781 | D:5      | Reached skill level 6 in Unarmed Combat
  4129 | D:5      | Found a staircase to the Ecumenical Temple.
  4135 | D:5      | Reached XP level 8. HP: 74/74 MP: 7/7
  4389 | D:5      | Reached skill level 7 in Unarmed Combat
  4765 | D:6      | Noticed Menkaure
  4772 | D:6      | Killed Menkaure
  4772 | D:6      | Reached skill level 5 in Throwing
  4792 | D:6      | Found Ricocs Ciqu's Antique Armour Shop.
  4924 | D:6      | Reached skill level 8 in Unarmed Combat
  4980 | D:6      | Reached XP level 9. HP: 74/80 MP: 8/8
  5045 | D:6      | Noticed Prince Ribbit
  5206 | D:6      | Killed Prince Ribbit
  5404 | D:6      | Noticed a two-headed ogre
  5421 | D:6      | Killed a two-headed ogre
  5421 | D:6      | Reached skill level 9 in Unarmed Combat
  6127 | D:7      | Reached skill level 10 in Unarmed Combat
  6682 | D:8      | Reached XP level 10. HP: 82/89 MP: 9/9
  7062 | D:8      | Reached skill level 11 in Unarmed Combat
  7161 | D:8      | Noticed Psyche
  7175 | D:8      | Killed Psyche
  7401 | D:8      | Reached skill level 5 in Maces & Flails
  7453 | D:8      | Got a crude mace
  7454 | D:8      | Identified the cursed +1 mace "Fosogag" {crush, *Corrode MR+ Str+2} (You found it on level 8 of the Dungeon)
  7603 | D:9      | Found Rurops's Weapon Shoppe.
  7866 | D:9      | Noticed a two-headed ogre
  8080 | D:9      | HP: 2/91 [two-headed ogre/giant club (29)]
  8142 | D:9      | Killed a two-headed ogre
  8142 | D:9      | Reached skill level 5 in Dodging
  8209 | D:9      | Noticed Erolcha
  8211 | D:9      | Killed Erolcha
  8593 | D:9      | Noticed a two-headed ogre
  8599 | D:9      | Killed a two-headed ogre
  8599 | D:9      | Reached XP level 11. HP: 89/97 MP: 10/10
  8680 | D:9      | HP: 3/97 [yak (7)]
  8681 | D:9      | Mangled by a yak

Skill      XL: |  1  2  3  4  5  6  7  8  9 10 |
---------------+-------------------------------+-----
Throwing       | 4 5 6 |  6.7
Unarmed Combat | 1 2 3 4 6 8 10 11 | 11.6
Dodging        | 2 3 4 5 |  5.4
Maces & Flails | 1 2 3 4 6 |  6.6
Fighting       | 2 3 |  3.6
Stealth        | 1 2 |  2.5

Action                   |  1- 3 |  4- 6 |  7- 9 | 10-12 || total
-------------------------+-------+-------+-------+-------++-------
Melee: Unarmed           |   108 |   207 |   296 |   107 ||   718
       Punch             |       |     1 |    11 |     8 ||    20
       Mace              |       |       |       |    58 ||    58
       Giant club        |       |       |       |    66 ||    66
Throw: Throwing net      |       |     1 |       |       ||     1
       Tomahawk          |       |       |     7 |     2 ||     9
       Large rock        |       |       |       |     6 ||     6
  Use: Scroll            |       |     1 |     7 |     1 ||     9
       Potion            |       |       |       |     1 ||     1
 Stab: Held in net/web   |       |     1 |       |       ||     1
       Distracted        |       |     2 |       |       ||     2
       Sleeping          |       |     1 |     8 |     5 ||    14
  Eat: Chunk             |    17 |    17 |    33 |    18 ||    85
Armor: Robe              |    32 |    91 |       |    26 ||   149
       Animal skin       |       |    16 |    73 |    62 ||   151
Dodge: Dodged            |    63 |   159 |   128 |   174 ||   524
